SL
PHOENIX HOTSPUR @ NASHVILLE OUTLAWS
09/26/2038
 
TOP OF THE 1ST
Phoenix Hotspur batting - Pitching for Nashville Outlaws : RHP Peter Glenn
Pitching: RHP Peter Glenn
Batting: RHB Alberto Ramírez 0-0: Called Strike
0-1: Ball
1-1: DOUBLE (Line Drive, 7LM, EV 105.0 MPH)
Batting: LHB Mare Riseley 0-0: Ball
Alberto Ramírez steals 3rd base
1-0: Called Strike
1-1: Called Strike
1-2: Strikes out swinging, 2-3 out at first.
Batting: RHB Jonas van Claveren 0-0: Ball
1-0: Ball
2-0: Called Strike
2-1: Swinging Strike
2-2: Ball
3-2: Foul Ball, location: 2F
3-2: Strikes out swinging
Batting: LHB Tadayoshi Watanabe 0-0: Called Strike
0-1: Ball
1-1: Swinging Strike
1-2: Ball
2-2: Ball
3-2: Foul Ball, location: 2F
3-2: Strikes out swinging
Top of the 1st over - 0 runs, 1 hit, 0 errors, 1 left on base; Phoenix 0 - Nashville 0
BOTTOM OF THE 1ST
Nashville Outlaws batting - Pitching for Phoenix Hotspur : RHP Masahiro Sakei
Pitching: RHP Masahiro Sakei
Batting: LHB Bartolo Soto 0-0: Called Strike
0-1: Ball
1-1: Swinging Strike
1-2: Ball
2-2: SINGLE (Line Drive, 78S, EV 90.6 MPH)
Batting: LHB Salvador Ramírez 0-0: Ball
1-0: Foul Ball, location: 2F
1-1: Fly out, F9 (Flyball, 9D, EV 104.4 MPH)
Runner from 1st tags up, SAFE at 2nd
Batting: LHB Tom Burton 0-0: Ball
1-0: Swinging Strike
1-1: Ball
2-1: Ball
3-1: Base on Balls
Batting: RHB Javier Sierra 0-0: Called Strike
0-1: Fly out, F7 (Flyball, 7S, EV 81.2 MPH)
Batting: RHB Jerry Yates 0-0: Foul Ball, location: 2F
0-1: Ball
1-1: Called Strike
1-2: Foul Ball, location: 2F
1-2: SINGLE (Groundball, 6MD, EV 108.8 MPH)
Bartolo Soto to third
Tom Burton to second
Runner from 3rd tries for Home, SAFE, throw by CF to home
Batting: RHB Mark Toope 0-0: Ball
1-0: DOUBLE (Line Drive, 9LM, EV 105.0 MPH)
Tom Burton scores
Jerry Yates to third
Runner from 3rd tries for Home, SAFE, throw by RF to trailing runner, SAFE at third!
Batting: RHB Sadakuno Hashimoto 0-0: Called Strike
0-1: Foul Ball, location: 2F
0-2: Strikes out swinging
Bottom of the 1st over - 3 runs, 3 hits, 0 errors, 1 left on base; Phoenix 0 - Nashville 3
TOP OF THE 2ND
Phoenix Hotspur batting - Pitching for Nashville Outlaws : RHP Peter Glenn
Batting: RHB Martín Talia 0-0: Foul Ball, location: 2F
0-1: Swinging Strike
0-2: Strikes out looking
Batting: LHB Valerius Buser 0-0: Ball
1-0: Called Strike
1-1: Ground out 4-3 (Groundball, 4, EV 106.9 MPH)
Batting: RHB Myles Brundidge 0-0: Ball
1-0: Ground out 6-3 (Groundball, 6, EV 104.4 MPH)
Top of the 2nd over - 0 runs, 0 hits, 0 errors, 0 left on base; Phoenix 0 - Nashville 3
BOTTOM OF THE 2ND
Nashville Outlaws batting - Pitching for Phoenix Hotspur : RHP Masahiro Sakei
Batting: LHB Juan Caro 0-0: Fly out, F5 (Popup, 56, EV 60.6 MPH)
Batting: LHB Wilson Hernández 0-0: Fly out, F9 (Flyball, 9LS, EV 78.8 MPH)
Batting: LHB Bartolo Soto 0-0: Ball
1-0: Foul Ball, location: 2F
1-1: Ground out 6-3 (Groundball, 6M, EV 98.8 MPH)
Bottom of the 2nd over - 0 runs, 0 hits, 0 errors, 0 left on base; Phoenix 0 - Nashville 3
TOP OF THE 3RD
Phoenix Hotspur batting - Pitching for Nashville Outlaws : RHP Peter Glenn
Batting: RHB Brit Davis 0-0: Ball
1-0: Ball
2-0: Swinging Strike
2-1: Called Strike
2-2: Foul Ball, location: 2F
2-2: Strikes out looking
Batting: RHB Quan Easterling 0-0: Called Strike
0-1: Ball
1-1: Ball
2-1: Foul Ball, location: 2F
2-2: Foul Ball, location: 2F
2-2: Ball
3-2: Strikes out swinging
Batting: RHB Alberto Ramírez 0-0: Called Strike
0-1: Foul Ball, location: 2F
0-2: Ball
1-2: Ball
2-2: Strikes out swinging
Top of the 3rd over - 0 runs, 0 hits, 0 errors, 0 left on base; Phoenix 0 - Nashville 3
BOTTOM OF THE 3RD
Nashville Outlaws batting - Pitching for Phoenix Hotspur : RHP Masahiro Sakei
Batting: LHB Salvador Ramírez 0-0: Ball
1-0: Ball
2-0: Foul Ball, location: 2F
2-1: Ground out U3 (Groundball, 3, EV 89.4 MPH)
Batting: LHB Tom Burton 0-0: Foul Ball, location: 2F
0-1: Called Strike
0-2: Ball
1-2: Ball
2-2: Ball
3-2: Foul Ball, location: 2F
3-2: Ground out 6-3 (Groundball, 6, EV 82.5 MPH)
Batting: RHB Javier Sierra 0-0: Ball
1-0: Called Strike
1-1: Ball
2-1: Swinging Strike
2-2: Strikes out looking
Bottom of the 3rd over - 0 runs, 0 hits, 0 errors, 0 left on base; Phoenix 0 - Nashville 3
TOP OF THE 4TH
Phoenix Hotspur batting - Pitching for Nashville Outlaws : RHP Peter Glenn
Batting: LHB Mare Riseley 0-0: Called Strike
0-1: Foul Ball, location: 2F
0-2: Foul Ball, location: 2F
0-2: SINGLE (Groundball, 6D, EV 97.5 MPH)
Batting: RHB Jonas van Claveren 0-0: Foul Ball, location: 2F
0-1: Foul Ball, location: 2F
0-2: Ball
1-2: Foul Ball, location: 2F
1-2: Ball
2-2: Ball
3-2: Strikes out swinging
Batting: LHB Tadayoshi Watanabe 0-0: Ball
1-0: Called Strike
1-1: Fly out, F8 (Flyball, 8RXD, EV 109.4 MPH)
Runner from 1st tags up, SAFE at 2nd
Batting: RHB Martín Talia 0-0: Fly out, F5 (Line Drive, 6, EV 67.5 MPH)
Top of the 4th over - 0 runs, 1 hit, 0 errors, 1 left on base; Phoenix 0 - Nashville 3
BOTTOM OF THE 4TH
Nashville Outlaws batting - Pitching for Phoenix Hotspur : RHP Masahiro Sakei
Batting: RHB Jerry Yates 0-0: Called Strike
0-1: Ball
1-1: Swinging Strike
1-2: Ball
2-2: Strikes out swinging
Batting: RHB Mark Toope 0-0: Called Strike
0-1: Ball
1-1: Ball
2-1: Foul Ball, location: 2F
2-2: Ball
3-2: Base on Balls
Batting: RHB Sadakuno Hashimoto 0-0: Called Strike
0-1: Ball
1-1: Called Strike
1-2: Fly out, F4 (Popup, 23, EV 87.5 MPH)
Batting: LHB Juan Caro 0-0: Ball
Mark Toope steals 2nd base
1-0: Foul Ball, location: 2F
1-1: Ball
2-1: Foul Ball, location: 2F
2-2: Ball
3-2: SINGLE (Line Drive, 56D, EV 96.2 MPH)
Mark Toope to third
Mark Toope scores
Batting: LHB Wilson Hernández 0-0: Called Strike
Juan Caro steals 2nd base
0-1: Called Strike
0-2: Foul Ball, location: 2F
0-2: Foul Ball, location: 2F
0-2: Ball
1-2: Strikes out looking
Bottom of the 4th over - 1 run, 1 hit, 0 errors, 1 left on base; Phoenix 0 - Nashville 4
TOP OF THE 5TH
Phoenix Hotspur batting - Pitching for Nashville Outlaws : RHP Peter Glenn
Batting: LHB Valerius Buser 0-0: Ball
1-0: Swinging Strike
1-1: Ball
2-1: Swinging Strike
2-2: Ball
3-2: SINGLE (Line Drive, 9LS, EV 96.9 MPH)
Batting: RHB Myles Brundidge 0-0: Swinging Strike
0-1: Ball
1-1: Called Strike
1-2: Strikes out looking
Batting: RHB Brit Davis 0-0: Called Strike
0-1: Foul Ball, location: 2F
0-2: Ball
1-2: Ball
2-2: Ball
3-2: Base on Balls
Valerius Buser to second
Batting: RHB Quan Easterling 0-0: Called Strike
0-1: Swinging Strike
0-2: Ball
1-2: Strikes out swinging
Batting: RHB Alberto Ramírez 0-0: Ball
1-0: Ball
2-0: Ball
3-0: Called Strike
3-1: Swinging Strike
3-2: Strikes out swinging
Top of the 5th over - 0 runs, 1 hit, 0 errors, 2 left on base; Phoenix 0 - Nashville 4
BOTTOM OF THE 5TH
Nashville Outlaws batting - Pitching for Phoenix Hotspur : RHP Masahiro Sakei
Batting: LHB Bartolo Soto 0-0: Ground out 4-3 (Groundball, 4, EV 90.6 MPH)
Batting: LHB Salvador Ramírez 0-0: Swinging Strike
0-1: Ball
1-1: Ball
2-1: Ball
3-1: Ground out 4-3 (Groundball, 34D, EV 101.2 MPH)
Batting: LHB Tom Burton 0-0: Ball
1-0: Foul Ball, location: 2F
1-1: Ball
2-1: Ball
3-1: Called Strike
3-2: DOUBLE (Groundball, 3L, EV 107.5 MPH)
Batting: RHB Javier Sierra 0-0: 2-RUN HOME RUN (Line Drive, 78XD, EV 106.2 MPH), Distance : 436 ft
Pitching: RHP Dave Seals
Batting: RHB Jerry Yates 0-0: Reached on error, E2 (Groundball, 13S, EV 69.4 MPH)
Batting: RHB Mark Toope 0-0: Foul Ball, location: 2F
0-1: Fly out, F9 (Flyball, 9, EV 81.2 MPH)
Bottom of the 5th over - 2 runs, 2 hits, 1 error, 1 left on base; Phoenix 0 - Nashville 6
TOP OF THE 6TH
Phoenix Hotspur batting - Pitching for Nashville Outlaws : RHP Peter Glenn
Batting: LHB Mare Riseley 0-0: Swinging Strike
0-1: Foul Ball, location: 2F
0-2: Strikes out swinging
Batting: RHB Jonas van Claveren 0-0: Called Strike
0-1: Fly out, F8 (Line Drive, 8RS, EV 95.0 MPH)
Batting: LHB Tadayoshi Watanabe 0-0: Called Strike
0-1: Ball
1-1: Ball
2-1: Fly out, F2 (Popup, 25F, EV 76.2 MPH)
Top of the 6th over - 0 runs, 0 hits, 0 errors, 0 left on base; Phoenix 0 - Nashville 6
BOTTOM OF THE 6TH
Nashville Outlaws batting - Pitching for Phoenix Hotspur : RHP Dave Seals
Batting: RHB Sadakuno Hashimoto 0-0: Called Strike
0-1: Fly out, F2 (Popup, 2L, EV 92.5 MPH)
Batting: LHB Juan Caro 0-0: Called Strike
0-1: Ball
1-1: SINGLE (Groundball, 6D, EV 103.1 MPH)
Batting: LHB Wilson Hernández 0-0: Called Strike
0-1: Ball
Juan Caro steals 2nd base (no throw)
1-1: Ground out 6-3 (Groundball, 6M, EV 91.2 MPH)
Juan Caro to third
Batting: LHB Bartolo Soto 0-0: Called Strike
0-1: Foul Ball, location: 2F
0-2: Strikes out looking
Bottom of the 6th over - 0 runs, 1 hit, 0 errors, 1 left on base; Phoenix 0 - Nashville 6
TOP OF THE 7TH
Phoenix Hotspur batting - Pitching for Nashville Outlaws : RHP Peter Glenn
Pitching: LHP Lex Janssen
Batting: RHB Martín Talia 0-0: Called Strike
0-1: Called Strike
0-2: Ball
1-2: Ball
2-2: Ball
3-2: Strikes out swinging
Batting: LHB Valerius Buser 0-0: Called Strike
0-1: Swinging Strike
0-2: Foul Ball, location: 2F
0-2: Ball
1-2: Strikes out swinging
Batting: RHB Myles Brundidge 0-0: Ball
1-0: Foul Ball, location: 2F
1-1: Foul Ball, location: 2F
1-2: Foul Ball, location: 2F
1-2: Ball
2-2: Ground out 6-3 (Groundball, 6, EV 106.2 MPH)
Top of the 7th over - 0 runs, 0 hits, 0 errors, 0 left on base; Phoenix 0 - Nashville 6
BOTTOM OF THE 7TH
Nashville Outlaws batting - Pitching for Phoenix Hotspur : RHP Dave Seals
Batting: LHB Salvador Ramírez 0-0: Ball
1-0: Ground out U3 (Groundball, 34, EV 83.8 MPH)
Batting: LHB Tom Burton 0-0: Called Strike
0-1: Ball
1-1: Ball
2-1: Called Strike
2-2: Ground out 6-3 (Groundball, 6, EV 77.5 MPH)
Batting: RHB Javier Sierra 0-0: Ball
1-0: Foul Ball, location: 2F
1-1: TRIPLE (Flyball, 8RXD, EV 105.0 MPH)
Batting: RHB Jerry Yates 0-0: Called Strike
0-1: Ball
1-1: Ball
2-1: Foul Ball, location: 2F
2-2: Strikes out swinging
Bottom of the 7th over - 0 runs, 1 hit, 0 errors, 1 left on base; Phoenix 0 - Nashville 6
TOP OF THE 8TH
Phoenix Hotspur batting - Pitching for Nashville Outlaws : LHP Lex Janssen
Batting: RHB Brit Davis 0-0: Called Strike
0-1: Swinging Strike
0-2: Ball
1-2: Ball
2-2: Strikes out swinging
Batting: RHB Quan Easterling 0-0: Called Strike
0-1: Foul Ball, location: 2F
0-2: Ball
1-2: Strikes out swinging
Batting: RHB Alberto Ramírez 0-0: Called Strike
0-1: Foul Ball, location: 2F
0-2: SINGLE (Groundball, 6MD, EV 103.8 MPH)
Batting: LHB Mare Riseley 0-0: Called Strike
0-1: Ball
1-1: Ball
2-1: SINGLE (Groundball, 6D, EV 94.4 MPH)
Alberto Ramírez to second
Batting: RHB Jonas van Claveren 0-0: Swinging Strike
0-1: Ball
1-1: Fly out, F9 (Flyball, 9LM, EV 87.5 MPH)
Top of the 8th over - 0 runs, 2 hits, 0 errors, 2 left on base; Phoenix 0 - Nashville 6
BOTTOM OF THE 8TH
Nashville Outlaws batting - Pitching for Phoenix Hotspur : RHP Dave Seals
Batting: RHB Mark Toope 0-0: Fly out, F1 (Line Drive, P, EV 70.6 MPH)
Batting: RHB Sadakuno Hashimoto 0-0: Swinging Strike
0-1: Ground out 5-3 (Groundball, 56, EV 86.2 MPH)
Batting: LHB Juan Caro 0-0: Ball
1-0: Called Strike
1-1: Swinging Strike
1-2: Ball
2-2: Foul Ball, location: 2F
2-2: Fly out, F8 (Flyball, 8LS, EV 81.2 MPH)
Bottom of the 8th over - 0 runs, 0 hits, 0 errors, 0 left on base; Phoenix 0 - Nashville 6
TOP OF THE 9TH
Phoenix Hotspur batting - Pitching for Nashville Outlaws : LHP Lex Janssen
Batting: LHB Tadayoshi Watanabe 0-0: Ball
1-0: Ball
2-0: Ball
3-0: Called Strike
3-1: Foul Ball, location: 2F
3-2: Strikes out swinging
Batting: RHB Martín Talia 0-0: Swinging Strike
0-1: Foul Ball, location: 2F
0-2: Ball
1-2: Ground out 5-3 (Groundball, 56, EV 105.0 MPH)
Batting: LHB Valerius Buser 0-0: Ball
1-0: Called Strike
1-1: Foul Ball, location: 2F
1-2: Foul Ball, location: 2F
1-2: Foul Ball, location: 2F
1-2: Foul Ball, location: 2F
1-2: SINGLE (Groundball, 25, EV 65.6 MPH) (infield hit)
Batting: RHB Myles Brundidge 0-0: Called Strike
0-1: Called Strike
0-2: Foul Ball, location: 2F
0-2: Foul Ball, location: 2F
0-2: Ball
1-2: Fly out, F8 (Line Drive, 8RM, EV 105.0 MPH)
Top of the 9th over - 0 runs, 1 hit, 0 errors, 1 left on base; Phoenix 0 - Nashville 6
Friday, April 17th, 2020 - OOTP Baseball 20.8 Build 74